 Dungeon Crawl Stone Soup version 0.29.1-1-gd02db6906a (webtiles) character file.

Game seed: 867513423760985357

40 RogueRain17 the Chopper (level 4, -7/38 HPs)
             Began as a Meteoran Monk on Sept 21, 2022.
             Killed from afar by an orc wizard (9 damage)
             ... with a magic dart
             ... on level 3 of the Dungeon.
             The game lasted 00:02:51 (733 turns).

RogueRain17 the Chopper (Meteoran Monk)              Turns: 733, Time: 00:02:52

Health: -7/38      AC:  2    Str: 14    XL:     4   Next: 0%
Magic:  5/5        EV: 18    Int: 11    God:
Gold:   90         SH:  0    Dex: 17    Spells: 3/3 levels left

rFire   . . .      SeeInvis .   a - +0 hand axe
rCold   . . .      Faith    .   (no shield)
rNeg    . . .      Spirit   .   b - +0 robe
rPois   .          Reflect  .   (no helmet)
rElec   .          Harm     .   (no cloak)
rCorr   .          Rampage  .   (no gloves)
Will    .....                   (no boots)
Stlth   +.........              (no amulet)
HPRegen 0.12/turn               g - +4 ring of evasion
MPRegen 0.09/turn               (no ring)

@: glowing
A: sense surroundings 1, otherworldly, glowing, explore regen
a: no special abilities


You were on level 3 of the Dungeon.
You visited 1 branch of the dungeon, and saw 3 of its levels.

You collected 90 gold pieces.

Inventory:

Hand Weapons
 a - a +0 hand axe (weapon)
Missiles
 d - 2 throwing nets (quivered)
Armour
 b - a +0 robe (worn)
Jewellery
 g - a +4 ring of evasion (left hand)
Scrolls
 f - 3 scrolls of identify {unknown}
Potions
 c - 2 potions of ambrosia
 e - 2 potions of curing {unknown}


   Skills:
 - Level 3.2 Fighting
 * Level 4.9 Axes
 + Level 4.2 Dodging
 - Level 1.4 Stealth


You had 3 spell levels left.
You didn't know any spells.
Your spell library contained the following spells:

 Spells                   Type           Power      Damage    Failure   Level
 Ignite Poison            Fire/Tmut/Pois 0%         N/A       71%         3
 Mephitic Cloud           Conj/Pois/Air  0%         N/A       71%         3
 Flame Wave               Conj/Fire      0%         2d4       98%         4
 Eringya's Noxious Bog    Tmut/Pois      0%         N/A       100%        6


Dungeon Overview and Level Annotations

Branches:
Dungeon (3/15) Zot: 1057

Altars:


Innate Abilities, Weirdness & Mutations

You passively map a small area around you.
You are easily found by Zot.
You glow in the dark.
You regain HP and MP as you explore.


Message History

Deactivating autopickup; reactivate with Ctrl-A.
You hit the bat but do no damage. The bat hits you but does no damage.
The bat closely misses you.
You hit the bat.
You kill the bat!
You completely miss the orc. The orc closely misses you.
You closely miss the orc. The orc misses you.
You hit the orc.
The orc is severely wounded.
The orc hits you with a +0 short sword.
You hit the orc but do no damage.
The orc is severely wounded.
You hit the orc but do no damage. The orc hits you with a +0 short sword.
The orc hits you with a +0 hand axe. The orc hits you with a +0 short sword.
Something hits you. Something hits you.
Found the +7 staff of the Meek {protect, meekguard}.
You hit the orc.
You kill the orc!
You have reached level 4!
Something hits you.
You hear some strange, mumbled words.
Something tries to affect you, but you resist.
Press: ? - help, v - describe, . - travel The floor.
A magic dart appears from out of thin air!
The magic dart hits you.
A magic dart appears from out of thin air!
The magic dart hits you.
A magic dart appears from out of thin air!
The magic dart hits you!
A puff of flame appears from out of thin air!
The puff of flame hits you!
* * * LOW HITPOINT WARNING * * *
A magic dart appears from out of thin air!
The magic dart hits you!
* * * LOW HITPOINT WARNING * * *
A magic dart appears from out of thin air!
The magic dart hits you!
You die...

.# #.##o....... .#
#.##.#.##### ,
o########.##.#.....#
........#..)..# .#,*
##...##.#.##..# .# ,.
#...##.#.##..####.# .. ,
######.#..........# ...,,
#.....o.#####...##....
#......{......@......# *
###.#.#.#.#####....#####
..#.#.##########.#......
,,
#.#.#...................
,
#.#.....................,
..........#.####.#######
#..[........# #.# '
....##......# #.# * , ,
###.#....#..# #.#* * , ,


There were no monsters in sight!

Vanquished Creatures
  A dart slug (D:3)
  An orc (D:3)
  7 endoplasms (D:1)
  A giant cockroach (D:1)
  3 goblins
  2 hobgoblins (D:1)
  2 jackals (D:1)
  2 kobolds (D:1)
  5 ball pythons
  6 bats
  A rat (D:1)
31 creatures vanquished.

Vanquished Creatures (others)
  5 plants (D:3)
5 creatures vanquished.

Grand Total: 36 creatures vanquished

Notes
Turn   | Place    | Note
-------+----------+-------------------------------------------
     0 | D:1      | RogueRain17 the Meteoran Monk began the quest for the Orb.
     0 | D:1      | Reached XP level 1. HP: 19/19 MP: 2/2
   119 | D:1      | Reached XP level 2. HP: 16/26 MP: 3/3
   255 | D:1      | Got Larico's Volume of the Pyre and Pollution
   293 | D:1      | Reached XP level 3. HP: 25/31 MP: 4/4
   494 | D:1      | Glimpsed the power of Zot.
   544 | D:1      | Glimpsed the power of Zot.
   696 | D:3      | Found the +7 staff of the Meek {protect, meekguard}
   698 | D:3      | Reached XP level 4. HP: 15/38 MP: 5/5
   731 | D:3      | HP: 1/38 [something/magic dart (7)]
   733 | D:3      | Killed from afar by an orc wizard

Illustrated notes

Levels and vault maps discovered:
D:1:      dpeg_arrival_snail, layout_loops_corners,
          dilly_ecumenical_altar_fadedgnrine, minmay_misc_feat_secret_circle
D:2:      layout_rooms, serial_rivers, chequers_serial_rivers_micro_d,
          chequers_serial_rivers_micro_a, chequers_serial_rivers_large_a,
          chequers_serial_rivers_small_b, chequers_serial_rivers_micro_c,
          chequers_serial_rivers_small_b
D:3:      layout_basic, serial_bayou, serial_bayou_shore_b,
          serial_bayou_lagoon_b, serial_bayou_pond_e, serial_bayou_shore_a

Skill      XL: |  1  2 |
---------------+-------+-----
Axes           | 4 |  4.9
Dodging        | 4 |  4.2
Fighting       | |  3.2
Stealth        | |  1.4

Action                   |  1- 3 |  4- 6 || total
-------------------------+-------+-------++-------
Melee: Hand axe          |    92 |       ||    92
Armor: Robe              |    26 |       ||    26
Dodge: Dodged            |    55 |       ||    55
